 Dungeon Crawl Stone Soup version 0.22.1-2-g9c5b331 (webtiles) character file.

7 MalarOregon the Insei (level 2, -1/21 HPs)
             Began as a Merfolk Transmuter on Nov 26, 2018.
             Slain by a giant cockroach (2 damage)
             ... on level 1 of the Dungeon.
             The game lasted 00:00:16 (32 turns).

MalarOregon the Insei (Merfolk Transmuter)            Turns: 32, Time: 00:00:17

Health: -1/21      AC:  2    Str: 10    XL:     2   Next: 0%
Magic:  4/5        EV: 13    Int: 12    God:
Gold:   0          SH:  0    Dex: 14    Spells: 4/5 levels left

rFire    . . .     SeeInvis .     - Unarmed
rCold    . . .     Gourm    .   (no shield)
rNeg     . . .     Faith    .   b - +0 robe
rPois    .         Spirit   .   (no helmet)
rElec    .         Reflect  .   (no cloak)
rCorr    .         Harm     .   (no gloves)
MR       .....                  (no boots)
Stlth    +.........             (no amulet)
HPRegen  0.07/turn              (no ring)
MPRegen  0.09/turn              (no ring)

@: appendage (expiring)
A: change form in water, swift swim, stealthy swim, horns 2
a: End Transformation


You were on level 1 of the Dungeon.
You were not hungry.
You had grown temporary horns.
You visited 1 branch of the dungeon, and saw 1 of its levels.

Inventory:

Missiles
 a - 12 arrows
Armour
 b - a +0 robe (worn)
Comestibles
 e - a ration {!d}


   Skills:
 + Level 1.2 Fighting
 + Level 2.8 Dodging
 * Level 3.5 Unarmed Combat
 + Level 2.0 Spellcasting
 + Level 2.8 Transmutations


You had 4 spell levels left.
You knew the following spells:

 Your Spells              Type           Power        Failure   Level  Hunger
a - Beastly Appendage     Tmut           #.....       9%          1    ##.....

Your spell library contained the following spells:

 Spells                   Type           Power        Failure   Level  Hunger
 Sticks to Snakes         Tmut           #.......     13%         2    ###....
 Spider Form              Tmut/Pois      #.........   41%         3    ####...
 Ice Form                 Ice/Tmut       #.......     83%         4    #####..
 Blade Hands              Tmut           #.........   93%         5    ######.


Dungeon Overview and Level Annotations

Branches:
Dungeon (1/15)

Altars:


Innate Abilities, Weirdness & Mutations

You revert to your normal form in water.
You are very nimble and swift while swimming.
You are very stealthy in the water. (Stealth+)
You have a pair of horns on your head.


Message History

You grow a pair of large bovine horns.
The jackal barely misses you.
You hit the jackal. You headbutt the jackal.
You kill the jackal!
A jackal comes into view.
The jackal barks!
You hit the hobgoblin.
You kill the hobgoblin!
A hobgoblin comes into view. It is wielding a club.
A giant cockroach comes into view.
You completely miss the goblin.
The hobgoblin shouts!
You headbutt the goblin.
You kill the goblin!
You hit the hobgoblin. The hobgoblin hits you with a club.
You hit the hobgoblin but do no damage.
The jackal stops to sniff the ground.
The hobgoblin closely misses you.
You closely miss the hobgoblin.
Your transformation is almost over.
The jackal barely misses you.
You barely miss the hobgoblin. The jackal misses you.
The hobgoblin barely misses you. The jackal bites you.
You hit the hobgoblin.
You kill the hobgoblin!
You have reached level 2!
The jackal misses you.
You hit the jackal but do no damage. The jackal barely misses you.
The hobgoblin barely misses you.
You closely miss the jackal.
The giant cockroach bites you but does no damage.
The jackal barely misses you. The hobgoblin hits you with a club.
* * * LOW HITPOINT WARNING * * *
The giant cockroach bites you but does no damage.
You barely miss the jackal. The jackal bites you.
* * * LOW HITPOINT WARNING * * *
The jackal barely misses you. The giant cockroach bites you.
* * * LOW HITPOINT WARNING * * *
The hobgoblin hits you but does no damage.
You hit the jackal but do no damage. The jackal bites you.
* * * LOW HITPOINT WARNING * * *
The giant cockroach closely misses you.
Unknown command.
You hit the jackal but do no damage. The jackal closely misses you.
The hobgoblin closely misses you. The giant cockroach bites you.
* * * LOW HITPOINT WARNING * * *
The jackal bites you.
* * * LOW HITPOINT WARNING * * *
Unknown command.
The giant cockroach bites you.
You die...

##### .. ##...#
... #....
...###....
.......#.######
.$.....#.#....#
......†#.#....#
.=....hs@'....+
.......g##....#
...####>##....#
. #.##....#
#.###'###
#.#.....#
..#.....#
#.#.....#
..#.###.#


You could see a jackal, a giant cockroach and a hobgoblin.

Vanquished Creatures
  A bat (D:1)
  A goblin (D:1)
  2 hobgoblins (D:1)
  A jackal (D:1)
5 creatures vanquished.

Notes
Turn   | Place    | Note
-------+----------+-------------------------------------------
     0 | D:1      | MalarOregon the Merfolk Transmuter began the quest for the
                  | Orb.
     0 | D:1      | Reached XP level 1. HP: 15/15 MP: 3/3
    26 | D:1      | Reached XP level 2. HP: 14/21 MP: 3/5
    31 | D:1      | HP: 1/21 [jackal (3)]
    32 | D:1      | Slain by a giant cockroach

Action                   || total
-------------------------++-------
Melee: Unarmed           ||    14
       Headbutt          ||     2
 Cast: Beastly Appendage ||     1
Armor: Robe              ||     2
Dodge: Dodged            ||    14
